Map: Mist Opportunities

Players

wasp

  • Race: Protoss Protoss
  • Spawn Location: 5:00

NamroodTuo

  • Race: Terran Terran
  • Spawn Location: 6:00

VOD

Have the link to the VOD?

Description

Time

  • Played on: June 14, 2023, 6:54 a.m.
  • Length: 30:05
Show
View Real Time Build Order
Export as new Build Order

wasp Protoss 

Build Orders:  

Get SALT Encoding   

  12  0:05  Probe (Chrono Boost)  
  13  0:17  Probe (Chrono Boost)  
  14  0:44  Pylon  
  14  0:50  Pylon  
  14  0:59  Pylon  
  14  1:04  Pylon  
  14  1:11  Probe (Chrono Boost)  
  15  1:23  Probe (Chrono Boost)  
  16  1:35  Probe (Chrono Boost)  
  17  1:45  Gateway  
  17  1:47  Probe (Chrono Boost)  
  18  2:42  Forge  
  18  2:59  Gateway  
  18  3:00  Sentinel  
  20  3:28  Cybernetics Core  
  20  3:33  Sentinel  
  22  3:57  Gateway  
  22  4:06  Sentinel  
  22  4:09  Sentinel  
  26  4:39  Sentinel  
  26  4:42  Sentinel  
  26  4:49  Assimilator  
  30  4:51  Assimilator  
  30  4:53  Probe (Chrono Boost)  
  31  5:06  Probe (Chrono Boost)  
  32  5:12  Sentinel  
  32  5:15  Sentinel  
  32  5:18  Probe (Chrono Boost)  
  37  5:30  Probe (Chrono Boost)  
  38  5:42  Probe (Chrono Boost)  
  39  6:18  Sentinel x2  
  39  6:29  Probe (Chrono Boost)  
  39  6:32  Probe (Chrono Boost)  
  39  6:34  Probe (Chrono Boost)  
  39  6:37  Probe (Chrono Boost)  
  47  7:01  Sentinel x3  
  47  7:04  Probe (Chrono Boost)  
  47  7:05  Pylon  
  47  7:07  Pylon  
  54  7:18  Pylon  
  54  7:29  Pylon  
  54  7:34  Pylon, Sentinel x3  
  60  7:53  Robotics Facility  
  60  8:04  Robotics Facility  
  52  9:13  Sentinel x2  
  52  9:14  Sentinel  
  50  9:46  Sentinel x2  
  50  9:47  Sentinel  
  46  10:14  Immortal  
  46  10:15  Immortal  
  46  10:19  Sentinel  
  56  11:29  Nexus  
  56  11:31  Immortal  
  56  11:56  Probe (Chrono Boost)  
  56  11:58  Probe (Chrono Boost)  
  56  12:01  Probe (Chrono Boost)  
  56  12:03  Probe (Chrono Boost), Assimilator  
  56  12:05  Probe (Chrono Boost)  
  56  12:08  Probe (Chrono Boost)  
  57  12:10  Probe (Chrono Boost), Assimilator  
  57  12:12  Probe (Chrono Boost)  
  57  12:19  Probe (Chrono Boost)  
  69  12:31  Probe (Chrono Boost)  
  70  12:43  Probe (Chrono Boost)  
  69  14:29  Probe (Chrono Boost)  
  70  14:41  Probe (Chrono Boost)  
  59  14:53  Probe (Chrono Boost)  
  58  15:05  Probe (Chrono Boost)  
  58  15:08  Probe (Chrono Boost)  
  59  15:12  Immortal x2  
  59  15:17  Probe (Chrono Boost)  
  68  15:20  Probe (Chrono Boost)  
  70  15:32  Probe (Chrono Boost)  
  71  15:44  Probe (Chrono Boost)  
  71  15:56  Probe (Chrono Boost)  
  71  15:59  Immortal  
  72  16:00  Immortal  
  71  16:47  Immortal  
  71  16:49  Pylon  
  71  16:53  Pylon  
  71  16:56  Pylon  
  75  17:07  Khaydarin Monolith  
  75  17:08  Khaydarin Monolith  
  75  17:16  Khaydarin Monolith  
  75  17:20  Khaydarin Monolith  
  75  17:21  Khaydarin Monolith  
  75  17:25  Khaydarin Monolith  
  75  17:36  Khaydarin Monolith  
  75  17:42  Probe (Chrono Boost)  
  76  17:54  Probe (Chrono Boost)  
  77  18:06  Probe (Chrono Boost)  
  78  18:18  Probe (Chrono Boost)  
  78  18:20  Immortal x2  
  87  18:30  Probe (Chrono Boost)  
  80  20:18  Observer x2  
  82  20:41  Immortal x2  
  90  21:28  Immortal  
  90  21:29  Immortal  
  86  22:16  Immortal x2  
  86  22:23  Probe (Chrono Boost)  
  95  22:31  Immortal x2  
  95  22:35  Probe (Chrono Boost)  
  96  22:41  Immortal x2  
  96  22:48  Probe (Chrono Boost)  
  96  22:50  Sentinel x3  
  96  22:56  Sentinel  
  96  22:57  Sentinel  
  97  23:00  Probe (Chrono Boost)  
  97  23:05  Probe (Chrono Boost), Stargate  
  97  23:09  Stargate  
  125  24:02  Immortal  
  125  24:04  Sentinel x2  
  125  24:05  Immortal  
  125  24:08  Pylon  
  133  24:11  Pylon  
  133  24:16  Pylon  
  133  24:17  Mirage x2  
  137  24:27  Pylon  
  141  24:32  Pylon  
  141  24:37  Pylon  
  141  24:48  Mirage x2  
  141  24:50  Immortal  
  141  24:53  Immortal  
  153  25:18  Mirage x2  
  157  25:38  Immortal  
Show
View Real Time Build Order
Export as new Build Order

NamroodTuo Terran 

Build Orders:  

Get SALT Encoding   

  12  0:01  SCV  
  13  0:13  SCV  
  14  0:25  SCV  
  15  0:34  Supply Depot  
  15  0:44  Refinery  
  15  0:56  Refinery  
  15  1:02  SCV  
  16  1:11  Supply Depot  
  16  1:14  SCV  
  17  1:28  SCV  
  18  1:43  Factory  
  18  1:44  SCV  
  19  1:56  SCV  
  20  2:11  SCV  
  21  2:23  SCV  
  22  2:35  SCV  
  23  2:47  SCV  
  24  3:10  Command Center  
  24  3:36  Perdition Turret  
  24  3:42  Perdition Turret  
  24  3:51  Perdition Turret  
  24  4:03  Perdition Turret  
  24  4:27  Devastation Turret  
  24  4:31  SCV  
  25  4:43  SCV  
  26  4:53  SCV  
  26  4:55  SCV  
  26  4:59  Engineering Bay  
  28  5:07  SCV  
  29  5:52  Hi-Sec Auto Tracking  
  29  5:53  SCV  
  30  6:05  SCV  
  31  6:17  SCV  
  32  6:28  SCV  
  32  6:31  SCV  
  32  6:37  SCV  
  41  6:40  SCV  
  33  6:42  SCV  
  33  6:44  SCV  
  33  6:46  SCV  
  33  6:48  Supply Depot  
  39  7:06  Starport  
  39  7:16  Factory Tech Reactor, Factory  
  39  7:21  Supply Depot  
  39  7:24  SCV  
  40  7:30  SCV  
  40  7:36  SCV  
  40  7:37  Refinery  
  40  7:39  Refinery  
  42  7:42  SCV  
  42  7:47  Goliath x2  
  42  7:48  SCV  
  43  7:54  SCV  
  43  7:59  SCV  
  49  8:06  SCV  
  51  8:11  SCV  
  51  8:15  Goliath  
  51  8:18  SCV  
  55  8:43  Starport Tech Reactor  
  55  8:49  Structure Armor  
  55  8:59  Armory  
  55  9:32  Ares-Class Targeting System  
  55  9:41  Fire-Suppression Systems  
  55  9:53  Factory Tech Reactor  
  55  9:58  Science Vessel x2  
  55  10:04  Improved Nano-Repair  
  55  10:07  Mag-Field Accelerator  
  59  10:18  Goliath  
  61  10:30  KMC Auto-Loaders  
  61  10:41  Defensive Matrix  
  61  10:42  Science Vessel  
  61  10:44  Regenerative Bio-Steel  
  61  10:48  Goliath  
  61  10:50  Goliath  
  61  10:53  Terran Vehicle and Ship Weapons Level 1  
  61  11:04  Goliath  
  61  11:26  Science Vessel  
  61  11:28  Supply Depot  
  61  11:34  SCV  
  61  11:39  Goliath x3  
  62  11:48  Goliath x4  
  62  11:55  Supply Depot  
  70  12:16  Supply Depot  
  78  12:28  Goliath  
  78  12:33  Supply Depot  
  78  12:37  Pulse Amplifier  
  80  12:46  Goliath x3  
  80  12:51  Supply Depot  
  80  12:55  Goliath  
  86  13:10  Supply Depot  
  86  13:12  Terran Vehicle And Ship Armor Level 1  
  86  13:14  Goliath  
  88  13:29  Displacement Field, Supply Depot  
  82  13:34  Science Vessel x2  
  80  13:46  Supply Depot  
  84  13:58  Goliath x2  
  84  13:59  Goliath x2  
  82  14:03  Supply Depot  
  88  14:16  Science Vessel  
  88  14:44  Supply Depot  
  88  15:04  Supply Depot  
  88  15:28  Supply Depot  
  88  15:36  Advanced Optics  
  88  15:50  Supply Depot  
  88  16:11  Supply Depot  
  88  16:33  Spinning Dizzy  
  88  16:34  Supply Depot  
  88  16:35  Goliath x2  
  88  16:36  Goliath x2  
  96  16:54  Spinning Dizzy  
  96  16:55  Supply Depot  
  96  17:03  Goliath x2  
  100  17:12  Terran Vehicle and Ship Weapons Level 2, Science Vessel x2  
  100  17:15  Spinning Dizzy  
  104  17:21  Thor  
  104  17:22  Thor  
  104  17:29  Thor x2  
  106  20:09  Thor  
  98  20:13  Thor x3  
  98  20:14  Thor  
  98  20:16  Terran Vehicle And Ship Armor Level 2  
  120  20:55  Thor x3  
  138  21:26  Thor  
  138  22:05  Thor  
  138  22:06  Thor  
  150  22:25  Supply Depot  
  150  22:28  Thor  
  156  22:45  Thor x2  
  156  22:53  SCV  
  156  22:55  Supply Depot  
  157  23:04  SCV  
  157  23:06  SCV  
  157  23:09  SCV  
  158  23:11  SCV  
  159  23:27  Supply Depot  
  173  23:40  Thor  
  173  23:44  Thor  
  173  23:58  Supply Depot  
  165  24:30  Supply Depot  
  165  24:36  Thor  
  165  24:37  Thor  
  165  24:45  Terran Vehicle And Ship Armor Level 3  
  169  25:01  Supply Depot  
  169  25:06  Thor  
  163  25:32  Supply Depot  
  163  25:44  Upgrade Laser Drill Level 1  
  157  27:13  Multi-Lock Weapons System  
  157  28:22  Thor x3  
  157  28:35  330mm Barrage Cannon  
  151  28:41  Thor  
  151  28:46  Thor  
  151  28:47  Thor x3  
Tags
 
Commander
KaraxSwann
Matchup
Co-op
Replay Pack
Multiplayer
Add a new tag
Caveats
  • Supply blocks, unpowered buildings, or Contaminate may cause inaccurate times.
  • Supply counts are checked every 10 seconds.